 Dungeon Crawl Stone Soup version 0.19-a0-944-gb338e1e (webtiles) character file.

16473 Implojin the Grappler (level 12, 0/132 HPs)
             Began as a Troll Fighter on July 9, 2016.
             Was a High Priest of Okawaru.
             Slain by a death yak (5 damage)
             ... led by Polyphemus
             ... on level 3 of the Shoals.
             The game lasted 00:21:51 (3444 turns).

Implojin the Grappler (Troll Fighter)               Turns: 3444, Time: 00:21:52

Health: 0/132      AC: 15    Str: 27    XL:     12   Next: 10%
Magic:  8/13       EV: 10    Int:  7    God:    Okawaru [*****.]
Gold:   124        SH: 10    Dex: 13    Spells: 0 memorised, 11 levels left

rFire  x . .     SeeInvis .       - Unarmed
rCold  + + .     Gourm    +     h - +0 ice dragon armour
rNeg   . . .     Faith    .     b - +0 shield
rPois  .         Spirit   .     F - +2 hat {Int+3}
rElec  .         Dismiss  .     j - +0 cloak
rCorr  .         Reflect  .     (gloves unavailable)
SustAt .         Harm     .     (boots unavailable)
MR     .....                    D - amulet of the gourmand
Stlth  +.........               K - ring of stealth
                                g - +2 ring of evasion

@: finesse, slowed, very slow, not resistant to hostile enchantments, very
unstealthy
A: unfitting armour, claws 3, fast metabolism 3, gourmand, regeneration 2,
shaggy fur 1, tough skin 2
a: Heroism, Finesse, Renounce Religion


You were on level 3 of the Shoals.
You worshipped Okawaru.
Okawaru was extremely pleased with you.
You were very full.

You visited 4 branches of the dungeon, and saw 17 of its levels.
You also visited: Ossuary.

You collected 124 gold pieces.

Inventory:

Hand Weapons
 e - a cursed +0 scimitar
 n - a +0 blowgun
 q - a +1 war axe of chopping
 C - a +0 war axe of pain
 G - a +0 scimitar of flaming
Missiles
 k - 3 curare-tipped needles
 o - 33 poisoned needles
Armour
 b - a +0 shield (worn)
 h - a +0 ice dragon armour (worn)
 j - a +0 cloak (worn)
 F - a +2 hat of intelligence (worn)
 H - a +2 robe of the Archmagi
Jewellery
 a - a +2 ring of strength
 g - a +2 ring of evasion (left claw)
 p - an uncursed ring of flight
 D - an amulet of the gourmand (around neck)
 J - an uncursed ring of ice
 K - a ring of stealth (right claw)
Wands
 O - a wand of paralysis (11/24)
Scrolls
 c - a scroll of random uselessness
 l - a scroll of recharging {unknown}
 r - 4 scrolls of teleportation
 v - a scroll of immolation
 x - a scroll of enchant weapon {unknown}
 y - 4 scrolls of remove curse
 z - a scroll of magic mapping {unknown}
 L - a scroll of fog
 M - a scroll of fear {unknown}
 N - a scroll of holy word {unknown}
Potions
 f - a potion of heal wounds
 i - a potion of flight {unknown}
 s - a potion of degeneration
 t - 2 potions of cancellation
 u - a potion of magic {unknown}
 A - a potion of haste {unknown}
 E - a potion of berserk rage {unknown}
 Q - 2 potions of mutation
 S - a potion of cure mutation {unknown}
Comestibles
 d - 5 bread rations
 m - 3 fruits
 B - 2 beef jerkies
 I - a meat ration
 P - 2 chunks of flesh


   Skills:
 - Level 12.0 Fighting
 - Level 3.8 Dodging
 - Level 4.0 Shields
 - Level 12.3 Unarmed Combat
 * Level 3.1 Invocations


You had 11 spell levels left.
You didn't know any spells.

Dungeon Overview and Level Annotations

Branches:
Dungeon (8/15)             Temple (1/1) D:6            Lair (5/6) D:8
 Shoals (3/4) Lair:3
  Snake: Lair:2-4    Spider: Lair:2-4     Slime: Lair:5-6

Altars:
Ashenzari
Cheibriados
Dithmenos
Elyvilon
Fedhas
Hepliaklqana
Kikubaaqudgha
Makhleb
Okawaru
Pakellas
Qazlal
Ru
Vehumet
Xom
Yredelemnul
Zin

Shops:
D:4 (

Annotations:
Shoals:2 exclusion: Roxanne, Roxanne
Shoals:3 Polyphemus


Innate Abilities, Weirdness & Mutations

You are too large for most types of armour.
You have claws for hands.
Your metabolism is lightning-fast.
You like to eat raw meat.
You heal very quickly.
You are covered in fur. (AC +1)
You have very tough skin. (AC +2)


Message History

* * * LOW HITPOINT WARNING * * *
Unknown command.
Unknown command.
Okay, then.
Okay, then.
Okay, then.
Your magical effects are unravelling.
You feel magically purged.
You feel yourself speed up.
You feel a little less mighty now.
You feel a little less agile now. The death yak gores you!
* * * LOW HITPOINT WARNING * * *
You block the death yak's attack. The death yak gores you!
* * * LOW HITPOINT WARNING * * *
You block the death yak's attack. The death yak closely misses you.
A sea snake comes into view.
Unknown command.
The satyr plays a frightful melody on his pipes!
The satyr radiates an aura of fear!
You are terrified of the satyr!
Unknown command.
Unknown command.
You block the death yak's attack.
The death yak is no longer petrified.
The satyr plays a rousing melody on his pipes!
Found a stone staircase leading up.
Unknown command.
Unknown command.
You are no longer terrified.
The faun gestures at you while chanting.
You feel yourself slow down.
Unknown command.
Press: ? - help, . - travel You can't see that place. [the floor.]
You can now deal lightning-fast blows.
The death yak gores you.
* * * LOW HITPOINT WARNING * * *
The death yak gores you.
You die...

≈≈≈≈≈≈.###...#
≈≈≈≈≈≈...(#
≈≈≈≈≈≈..C.#
≈≈≈≈≈.....# #
≈≈≈≈...YS.#..#
≈≈≈≈≈..c(....# #
≈≈≈≈≈.Yc###.....
≈≈≈≈≈.cY###.....
≈≈≈≈[..Y@.......
≈≈.....≈≈≈≈....#
≈..#...≈≈≈≈≈...#
≈≈...≈≈≈≈≈≈.....
≈≈..≈≈≈.≈≈≈.....
≈≈..≈≈≈≈≈≈≈.....
≈≈≈≈≈≈≈≈≈≈≈..<##
≈≈≈≈≈≈≈≈≈≈...#


You could see 4 death yaks, a satyr and 2 fauns.

Vanquished Creatures
  Gastronok (D:8)
  Erica (D:8)
  A merfolk avatar (Shoals:1)
  A catoblepas (Shoals:3)
  5 harpies
  5 griffons
  2 manticores
  An elephant (D:8)
  A black mamba (Lair:5)
  2 sirens (Shoals:2)
  A torpor snail (Lair:4)
  2 spiny frogs
  A water nymph (Shoals:1)
  A komodo dragon (Lair:4)
  A rime drake (Lair:3)
  A polar bear (Lair:5)
  Grinder (D:6)
  A wind drake (Shoals:1)
  A snapping turtle (Shoals:2)
  3 blink frogs (Lair:4)
  2 yaks (Lair:4)
  A wyvern (Lair:2)
  A basilisk (Lair:4)
  2 hippogriffs
  Menkaure (Ossuary)
  4 water moccasins
  A porcupine (Lair:3)
  A sky beast (D:5)
  An orc warrior (D:8)
  An ogre (D:4)
  A boggart (Lair:5)
  A necrophage (D:5)
  A centaur (D:7)
  4 crocodiles
  Blork the orc (D:4)
  5 giant frogs
  3 scorpions
  6 killer bees (D:7)
  2 howler monkeys (D:8)
  A jelly (D:6)
  A hound (D:5)
  4 orc priests
  An orc wizard (D:8)
  Crazy Yiuf (D:3)
  An iguana (D:7)
  A worker ant (D:5)
  2 sheep (D:8)
  3 mummies (Ossuary)
  A hound zombie (D:6)
  A worker ant zombie (D:5)
  3 adders
  9 river rats
  3 worms (D:2)
  A giant gecko (D:5)
  8 orcs
  A ball python (D:2)
  5 gnoll zombies (Ossuary)
  A hobgoblin (D:2)
  2 quokkas
  2 bats
  2 goblins (D:2)
  8 goblin skeletons (Ossuary)
  2 goblin zombies (Ossuary)
  2 hobgoblin zombies (Ossuary)
  A jackal skeleton (D:4)
  2 kobolds
  A kobold skeleton (Ossuary)
  A kobold zombie (Ossuary)
  An orc skeleton (Ossuary)
  4 orc zombies (Ossuary)
  2 rats
  2 rat skeletons (Ossuary)
152 creatures vanquished.

Vanquished Creatures (others)
  A deep elf knight (D:2)
  5 gnoll skeletons (Ossuary)
  3 gnoll zombies (Ossuary)
  A goblin skeleton (Ossuary)
  A goblin zombie (Ossuary)
  A hobgoblin skeleton (Ossuary)
  A kobold skeleton (Ossuary)
  3 kobold zombies (Ossuary)
  2 orc skeletons (Ossuary)
  3 rat skeletons (Ossuary)
  3 rat zombies (Ossuary)
24 creatures vanquished.

Grand Total: 176 creatures vanquished

Notes
Turn   | Place    | Note
-------+----------+-------------------------------------------
     0 | D:1      | Implojin the Troll Fighter began the quest for the Orb.
     0 | D:1      | Reached XP level 1. HP: 22/22 MP: 0/0
    36 | D:2      | Found an oddly glowing altar of Pakellas.
    36 | D:2      | Noticed a lightning spire
    37 | D:2      | Noticed a deep elf knight
    40 | D:2      | Killed a deep elf knight
   130 | D:2      | Reached XP level 2. HP: 25/29 MP: 1/1
   153 | D:2      | Reached skill level 3 in Unarmed Combat
   297 | D:3      | Found a runed door.
   301 | D:3      | Noticed Crazy Yiuf
   304 | D:3      | Killed Crazy Yiuf
   304 | D:3      | Reached skill level 4 in Unarmed Combat
   304 | D:3      | Reached XP level 3. HP: 36/36 MP: 2/2
   465 | D:4      | Found Pecuoguwagi's Weapon Shoppe.
   468 | D:4      | Noticed Blork the orc
   476 | D:4      | Killed Blork the orc
   476 | D:4      | Reached skill level 5 in Unarmed Combat
   476 | D:4      | Reached XP level 4. HP: 38/44 MP: 3/3
   516 | D:5      | Entered Level 5 of the Dungeon
   533 | D:5      | Reached XP level 5. HP: 47/50 MP: 4/4
   589 | D:6      | Noticed Grinder
   602 | D:6      | Paralysed by Grinder for 7 turns
   612 | D:6      | Killed Grinder
   612 | D:6      | Reached skill level 7 in Unarmed Combat
   612 | D:6      | Reached XP level 6. HP: 16/59 MP: 5/5
   724 | D:5      | Reached XP level 7. HP: 63/65 MP: 6/6
   931 | D:5      | Found a sand-covered staircase.
   938 | D:5      | Reached skill level 8 in Unarmed Combat
   943 | Ossuary  | Entered an ossuary
  1169 | Ossuary  | Noticed Menkaure
  1171 | Ossuary  | Killed Menkaure
  1288 | D:7      | Reached skill level 9 in Unarmed Combat
  1333 | D:7      | Reached XP level 8. HP: 21/73 MP: 7/7
  1389 | D:6      | Reached skill level 10 in Unarmed Combat
  1839 | D:6      | Found a staircase to the Ecumenical Temple.
  1850 | Temple   | Entered the Ecumenical Temple
  1887 | Temple   | Became a worshipper of Warmaster Okawaru
  1967 | D:8      | Found a burning altar of Makhleb.
  1967 | D:8      | Found a basalt altar of Yredelemnul.
  1968 | D:8      | Found a shadowy altar of Dithmenos.
  1968 | D:8      | Found a shimmering altar of Xom.
  1970 | D:8      | Found an ancient bone altar of Kikubaaqudgha.
  1971 | D:8      | Found a blossoming altar of Fedhas.
  2105 | D:8      | Found a blossoming altar of Fedhas.
  2181 | D:8      | Found a staircase to the Lair.
  2181 | D:8      | Noticed an elephant
  2188 | D:8      | Reached skill level 11 in Unarmed Combat
  2200 | D:8      | Killed an elephant
  2200 | D:8      | Reached XP level 9. HP: 79/79 MP: 8/8
  2205 | D:8      | Noticed Gastronok
  2218 | D:8      | Killed Gastronok
  2218 | D:8      | Reached * piety under Okawaru
  2218 | D:8      | Reached ** piety under Okawaru
  2218 | D:8      | Reached skill level 7 in Fighting
  2256 | D:8      | Found a white marble altar of Elyvilon.
  2300 | D:8      | Noticed Erica
  2316 | D:8      | Killed Erica
  2316 | D:8      | Reached *** piety under Okawaru
  2316 | D:8      | Reached skill level 12 in Unarmed Combat
  2316 | D:8      | Reached XP level 10. HP: 81/101 MP: 7/9
  2358 | Lair:1   | Entered Level 1 of the Lair of Beasts
  2424 | Lair:2   | Reached skill level 1 in Invocations
  2479 | Lair:2   | Reached skill level 2 in Invocations
  2554 | Lair:3   | Reached skill level 8 in Fighting
  2598 | Lair:3   | Noticed a spiny frog
  2607 | Lair:3   | Killed a spiny frog
  2766 | Lair:4   | Noticed a torpor snail
  2778 | Lair:4   | Reached **** piety under Okawaru
  2791 | Lair:4   | Killed a torpor snail
  2791 | Lair:4   | Reached skill level 9 in Fighting
  2921 | Lair:4   | Reached XP level 11. HP: 96/116 MP: 9/11
  2968 | Lair:4   | Noticed a griffon
  2979 | Lair:4   | Killed a griffon
  2979 | Lair:4   | Reached skill level 10 in Fighting
  3134 | Lair:3   | Found a staircase to the Shoals.
  3154 | Shoals:1 | Entered Level 1 of the Shoals
  3154 | Shoals:1 | Noticed a harpy
  3154 | Shoals:1 | Noticed a harpy
  3154 | Shoals:1 | Noticed a harpy
  3154 | Shoals:1 | Noticed a harpy
  3154 | Shoals:1 | Noticed a harpy
  3160 | Lair:3   | Killed a harpy
  3160 | Lair:3   | Reached ***** piety under Okawaru
  3177 | Lair:3   | Killed a harpy
  3179 | Lair:3   | Killed a harpy
  3179 | Lair:3   | Reached skill level 11 in Fighting
  3182 | Lair:3   | Killed a harpy
  3182 | Lair:3   | Received a gift from Okawaru
  3192 | Shoals:1 | Noticed a merfolk avatar
  3195 | Shoals:1 | Killed a harpy
  3226 | Shoals:1 | Killed a merfolk avatar
  3301 | Shoals:2 | Noticed a griffon
  3301 | Shoals:2 | Noticed a griffon
  3305 | Shoals:2 | Noticed a griffon
  3310 | Shoals:2 | Killed a griffon
  3310 | Shoals:2 | Reached skill level 12 in Fighting
  3317 | Shoals:2 | Killed a griffon
  3317 | Shoals:2 | Reached skill level 3 in Shields
  3320 | Shoals:2 | Killed a griffon
  3326 | Shoals:2 | Reached skill level 4 in Shields
  3354 | Shoals:2 | Noticed Roxanne
  3355 | Shoals:2 | Noticed a griffon
  3371 | Shoals:2 | Killed a griffon
  3371 | Shoals:2 | Reached skill level 3 in Dodging
  3371 | Shoals:2 | Reached XP level 12. HP: 129/131 MP: 10/12
  3413 | Shoals:3 | Noticed a death yak
  3414 | Shoals:3 | Noticed Polyphemus
  3414 | Shoals:3 | Noticed a death yak
  3415 | Shoals:3 | Noticed a catoblepas
  3415 | Shoals:3 | Noticed a death yak
  3415 | Shoals:3 | Noticed a death yak
  3434 | Shoals:3 | Noticed a satyr
  3435 | Shoals:3 | Killed a catoblepas
  3435 | Shoals:3 | Reached skill level 3 in Invocations
  3439 | Shoals:3 | HP: 5/132 [death yak[Polyphemus] (17)]
  3444 | Shoals:3 | HP: 5/132 [death yak[Polyphemus] (4)]
  3444 | Shoals:3 | Slain by a death yak

Vault maps used:
D:1:      dpeg_arrival_tiny_j
D:2:      gammafunk_pakellas_spire_experiment, uniq_sigmund
D:3:      tso_metal_star, minitemple, first_bread, uniq_crazy_yiuf_cottage
D:4:      hangedman_decor_push, minmay_shop_grid_forest, uniq_blork_the_orc
D:5:      corexii_shack_village, chequers_ossuary_entry_cave
D:6:      serial_bayou_pond_a, uniq_grinder
D:8:      old_standard_altar, grunt_temple_overflow_open, david_lair_generic,
          basic_altar, elyvilon_altar_1, uniq_erica, uniq_gastronok
Temple:   cyrus_temple_forest
Lair:1:   serial_bayou, serial_bayou_lagoon_a, serial_bayou_shore_b,
          serial_bayou_pond_c, serial_bayou_shore_b, serial_bayou_pond_a,
          dpeg_stationary_puzzle
Lair:3:   elwin_shoals_entry_rocks, serial_bayou_pond_a
Lair:4:   dummy_snake_entry, lemuel_fruit_tree
Lair:5:   lemuel_slime, slime_dummy, kilobyte_rumbling_trees,
          serial_bayou_shore_b, uniq_josephine
Shoals:1: serial_shops, shop
Shoals:2: uniq_roxanne
Shoals:3: uniq_polyphemus
Ossuary:  ossuary_due_pyramid

Skill      XL: |  1  2  3  4  5  6  7  8  9 10 11 12 |
---------------+-------------------------------------+-----
Unarmed Combat | 4 5 7 9 11 12 | 12.3
Fighting       | 7 9 12 | 12.0
Invocations    | 2 3 |  3.1
Shields        | 4 |  4.0
Dodging        | 3 |  3.8

Action                   |  1- 3 |  4- 6 |  7- 9 | 10-12 || total
-------------------------+-------+-------+-------+-------++-------
Melee: Unarmed           |    41 |    49 |   215 |   204 ||   509
 Fire: Blowgun           |     1 |       |       |       ||     1
Invok: Heroism           |       |       |     1 |    26 ||    27
       Finesse           |       |       |       |     1 ||     1
  Use: Potion            |       |     1 |     4 |     4 ||     9
       Scroll            |       |       |     5 |     3 ||     8
 Stab: Sleeping          |     1 |       |       |       ||     1
  Eat: Chunk             |     1 |     5 |     7 |    17 ||    30
       Fruit             |       |     1 |       |       ||     1
       Meat ration       |       |       |     1 |       ||     1
Armor: Robe              |    19 |       |       |       ||    19
       Ice dragon armour |     8 |    22 |   101 |    74 ||   205
Dodge: Dodged            |    20 |    12 |    57 |    95 ||   184
Block: Shield            |    21 |    11 |    88 |   108 ||   228

Table legend:
 A = Turns spent in this place as a percentage of turns spent in the entire game.
 B = Non-inter-level travel turns spent in this place as a percentage of non-inter-level travel turns spent in the entire game.
 C = Inter-level travel turns spent in this place as a percentage of turns spent in this place.
 D = Turns resting spent in this place as a percentage of non-inter-level travel turns spent in this place.
 E = Turns spent auto-exploring this place as a percentage of non-inter-level travel turns spent in this place.
 F = Non-inter-level travel turns spent in this place divided by the number of levels of this place that you've seen.
                   A       B       C       D       E      F
               +-------+-------+-------+-------+-------+----------------------
         Total | 100.0 | 100.0 |   0.0 |   0.1 |   0.0 | 193.6
       Dungeon |  57.8 |  57.8 |   0.0 |   0.1 |   0.0 | 251.6
        Temple |   2.2 |   2.2 |   0.0 |   0.0 |   0.0 |  75.0
          Lair |  23.5 |  23.5 |   0.0 |   0.0 |   0.0 | 163.4
        Shoals |   8.8 |   8.8 |   0.0 |   0.0 |   0.0 | 102.0
       Ossuary |   7.8 |   7.8 |   0.0 |   0.0 |   0.0 | 273.0
               +-------+-------+-------+-------+-------+----------------------

Table legend:
 A = Kills in this place as a percentage of kills in entire the game.
 B = Kills by you in this place as a percentage of kills by you in the entire game.
 C = Kills by friends in this place as a percentage of kills by friends in the entire game.
 D = Other kills in this place as a percentage of other kills in the entire game.
 E = Experience gained in this place as a percentage of experience gained in the entire game.
 F = Experience gained in this place divided by the number of levels of this place that you have seen.
                   A       B       C       D       E      F
               +-------+-------+-------+-------+-------+----------------------
         Total | 100.0 | 100.0 |  -nan |  -nan | 100.0 | 1307.4
       Dungeon |  43.6 |  43.6 |  -nan |  -nan |  26.8 | 788.6
          Lair |  28.9 |  28.9 |  -nan |  -nan |  39.7 | 1869.2
        Shoals |   9.4 |   9.4 |  -nan |  -nan |  32.8 | 2573.3
       Ossuary |  18.1 |  18.1 |  -nan |  -nan |   0.7 | 159.0
               +-------+-------+-------+-------+-------+----------------------
